 Dungeon Crawl Stone Soup version 0.17-a0-1475-g9f81d98 (webtiles) character file.

93 Rainor the Cutter (level 4, -4/30 HPs)
             Began as a Vampire Enchanter on July 2, 2015.
             Slain by a gnoll
             ... wielding a +0 club
              (9 damage)
             ... on level 1 of the Dungeon.
             The game lasted 00:12:37 (1214 turns).

Rainor the Cutter (Vampire Enchanter)               Turns: 1214, Time: 00:12:37

Health: -4/30      AC:  4    Str:  8    XL:     4   Next: 36%
Magic:  7/7        EV: 12    Int: 17    God:
Gold:   70         SH:  0    Dex: 14    Spells: 2 memorised, 4 levels left

rFire  . . .     SeeInvis +     a - +1 dagger
rCold  . . .     Clarity  .     b - +2 robe
rNeg   . . .     SustAt   .     (no shield)
rPois  .         Gourm    .     (no helmet)
rElec  .         Spirit   .     (no cloak)
rCorr  .         Warding  .     (no gloves)
rMut   .         Stasis   .     (no boots)
MR     .....                    (no amulet)
Stlth  +++.......               (no ring)
                                (no ring)

@: regenerating quickly, not resistant to hostile enchantments, fairly stealthy
A: fangs 3, see invisible, unbreathing
a: no special abilities


You were on level 1 of the Dungeon.
You were full.

You visited 1 branch of the dungeon, and saw 2 of its levels.

You collected 70 gold pieces.

Inventory:

Hand weapons
 a - a +1 dagger (weapon)
 f - a +0 short sword
 k - a cursed +0 spear
 o - a +0 dagger
Armour
 b - a +2 robe (worn)
Jewellery
 j - an uncursed ring of protection from fire {unknown}
Magical devices
 i - a wand of teleportation (0)
Scrolls
 h - a scroll of enchant armour
 l - 2 scrolls of teleportation
 n - a scroll of identify
Potions
 d - a potion of blood
 e - 2 potions of heal wounds {unknown}
 g - a potion of haste
 m - a potion of curing {unknown}
 p - a potion of degeneration {unknown}
Books
 c - a book of Maledictions

   Spells                             Type                      Level
   a - Corona                         Hexes                        1
   b - Ensorcelled Hibernation        Hexes/Ice                    2
   c - Confuse                        Hexes                        3
   d - Tukima's Dance                 Hexes                        3
   e - Dazzling Spray                 Conjuration/Hexes            3


   Skills:
 + Level 4.6 Short Blades
 - Level 2.1 Dodging
 - Level 4.4 Stealth
 - Level 2.0 Spellcasting
 - Level 4.4 Hexes
 - Level 0.2 Ice Magic


You had 4 spell levels left.
You knew the following spells:

 Your Spells              Type           Power        Failure   Level  Hunger
a - Corona                Hex            ###....      3%          1    #......
b - Ensorcelled Hibernat  Hex/Ice        #.....       14%         2    ###....


Dungeon Overview and Level Annotations

Branches:
Dungeon (2/15)

Altars:


Innate Abilities, Weirdness & Mutations

Your natural rate of healing is unusually fast.
You have razor-sharp teeth.
You have supernaturally acute eyesight.
You can survive without breathing.


Message History

There is a stone staircase leading down here.
You barely miss the gnoll.
The gnoll is severely wounded.
The gnoll hits you but does no damage.
You closely miss the gnoll.
The gnoll is severely wounded.
You barely miss the gnoll.
The gnoll is severely wounded.
The gnoll misses you.
You hit the gnoll but do no damage.
The gnoll is severely wounded.
You hit the gnoll.
The gnoll is almost dead.
The gnoll hits you with a club.
* * * LOW HITPOINT WARNING * * *
Unknown command.
You closely miss the gnoll. You bite the gnoll, but do no damage.
The gnoll is almost dead.
The gnoll hits you with a club!
You die...

........................#........
........................#........
..##...........#.#......#........
.................#...########....
......##......#..#..)............
......>..........#...............
...†.............#...............
.................#...............
###.)†........##@g............###
###.........######..........#
#.)....#### #..........# #......#
#..........# #......#
#..........# #......#
#.########## #......# #.#
#......# #.# #####÷## #.#


You could see a gnoll.

Vanquished Creatures
  Ijyb (D:2)
  A gnoll (D:2)
  An adder (D:2)
  A worm (D:2)
  A giant gecko (D:1)
  2 ball pythons (D:1)
  4 giant cockroaches
  6 goblins
  8 hobgoblins
  3 kobolds (D:1)
  A quokka (D:2)
  7 bats
  4 rats
40 creatures vanquished.

Notes
Turn   | Place    | Note
--------------------------------------------------------------
     0 | D:1      | Rainor the Vampire Enchanter began the quest for the Orb.
     0 | D:1      | Reached XP level 1. HP: 13/13 MP: 3/3
   108 | D:1      | Reached XP level 2. HP: 16/19 MP: 5/5
   310 | D:1      | Learned a level 2 spell: Ensorcelled Hibernation
   551 | D:1      | Reached XP level 3. HP: 24/24 MP: 6/6
   764 | D:2      | Noticed Ijyb
   841 | D:2      | Killed Ijyb
   891 | D:2      | Reached XP level 4. HP: 22/30 MP: 7/7
  1214 | D:1      | Slain by a gnoll

Vault maps used:
D:1:      minmay_arrival_diagonal_passages
D:2:      uniq_iyjb

Action                   |  1- 3 |  4- 6 || total
-------------------------+-------+-------++-------
Melee: Dagger            |   105 |    59 ||   164
 Cast: Ensorcelled Hiber |     5 |       ||     5
  Use: Scroll            |     5 |       ||     5
 Stab: Sleeping          |    10 |     1 ||    11
  Eat: Corpse            |     8 |     1 ||     9
